 Dungeon Crawl Stone Soup version 0.30-a0-458-g86641cc369 (webtiles) character file.

Game seed: 6798018893491120406

130 IdlyInterested the Cudgeller (level 4, -3/35 HPs)
             Began as a Demonspawn Reaver on Dec 9, 2022.
             Slain by a gnoll
             ... wielding a +0 halberd
              (4 damage)
             ... on level 3 of the Dungeon on Dec 14, 2022.
             The game lasted 00:09:12 (2453 turns).

IdlyInterested the Cudgeller (Demonspawn Reaver)    Turns: 2453, Time: 00:09:13

Health: -3/35      AC:  4    Str: 16    XL:     4   Next: 89%
Magic:  7/7        EV: 12    Int: 14    God:
Gold:   144        SH:  0    Dex: 14    Spells: 4/7 levels left

rFire   . . .      SeeInvis .    k - +0 flail
rCold   . . .      Faith    .    (no shield)
rNeg    . . .      Spirit   .    b - +0 leather armour
rPois   .          Reflect  .    e - +0 helmet "Mouha" {Will+ Str+4 Int-2 Dex+2}
rElec   .          Harm     .    (no cloak)
rCorr   .          Rampage  .    (no gloves)
Will    +....                    (no boots)
Stlth   +.........               (no amulet)
HPRegen 0.25/turn                (no ring)
MPRegen 0.10/turn                (no ring)

@: no status effects
A: spiny 1
a: no special abilities


You were on level 3 of the Dungeon.
You visited 1 branch of the dungeon, and saw 3 of its levels.

You collected 144 gold pieces.

Inventory:

Hand Weapons
 f - a +0 dagger
 k - a +0 flail (weapon)
Armour
 b - a +0 leather armour (worn)
 e - the +0 helmet "Mouha" (worn) {Will+ Str+4 Int-2 Dex+2}
   (You took it off Robin on level 2 of the Dungeon)

   Str:       It affects your strength (+4).
   Int:       It affects your intelligence (-2).
   Dex:       It affects your dexterity (+2).
   Will:      It increases your willpower.
Scrolls
 c - a scroll of teleportation
Potions
 d - a potion of attraction {unknown}
 g - a potion of heal wounds
 h - a potion of resistance
 i - a potion of ambrosia {unknown}
 j - a potion of mutation


   Skills:
 * Level 3.2 Fighting
 + Level 4.0 Maces & Flails
 - Level 2.0 Dodging
 - Level 2.0 Spellcasting
 - Level 3.0 Conjurations
 * Level 1.8 Necromancy


You had 4 spell levels left.
You knew the following spells:

 Your Spells              Type           Power      Damage    Failure   Level
a - Kiss of Death         Conj/Necr      32%        2d7       11%         1
b - Momentum Strike       Conj/Tloc      10%        3d8       24%         2

Your spell library contained the following spells:

 Spells                   Type           Power      Damage    Failure   Level
 Hailstorm                Conj/Ice       5%         3d4       43%         3


Dungeon Overview and Level Annotations

Branches:
Dungeon (3/15)

Altars:

Shops:
D:1 =


Innate Abilities, Weirdness & Mutations

You are partially covered in sharp spines.


Message History

You hit the kobold.
You kill the kobold!
Found 17 gold pieces.
A gnoll comes into view. It is wielding a +0 halberd.
The gnoll is struck by your spines. The gnoll hits you with a +0 spear.
Things that are here:
a +0 whip; a kobold corpse You sock the gnoll!
The gnoll is almost dead.
A gnoll comes into view. It is wielding a +0 halberd.
The gnoll misses you.
The gnoll shouts!
You hit the gnoll.
You kill the gnoll!
You hit the gnoll.
The gnoll is moderately wounded.
The gnoll is struck by your spines. The gnoll closely misses you.
A rat comes into view.
The gnoll hits you with a +0 whip.
The rat moves out of view.
You closely miss the gnoll.
The gnoll is severely wounded.
The gnoll is struck by your spines. The gnoll completely misses you.
You closely miss the gnoll.
The gnoll is almost dead.
The gnoll hits you with a +0 whip.
You hit the gnoll but do no damage.
The gnoll is almost dead.
The gnoll closely misses you. The gnoll hits you with a +0 whip.
You barely miss the gnoll.
The gnoll is almost dead.
The gnoll hits you but does no damage.
You closely miss the gnoll.
The gnoll is almost dead.
The gnoll closely misses you.
The gnoll hits you from afar with a +0 halberd!
* * * LOW HITPOINT WARNING * * *
The gnoll hits you with a +0 whip!
* * * LOW HITPOINT WARNING * * *
The gnoll hits you from afar with a +0 halberd.
You die...

.### .#. .
... .<. ..
....# .#
.?...g###.##
#gg@)..###
####<....#
####...#
#... $#


You could see 3 gnolls.

Vanquished Creatures
  Robin (D:2)
  A gnoll (D:3)
  2 adders (D:2)
  A worm (D:2)
  2 dart slugs
  An orc (D:2)
  4 bats (D:1)
  7 endoplasms
  3 giant cockroaches
  14 goblins
  8 hobgoblins
  4 jackals (D:2)
  8 kobolds
  4 quokkas
  6 ball pythons
  2 frilled lizards
  6 rats
  A bush (D:1)
75 creatures vanquished.

Notes
Turn   | Place    | Note
-------+----------+-------------------------------------------
     0 | D:1      | IdlyInterested the Demonspawn Reaver began the quest for
                  | the Orb.
     0 | D:1      | Reached XP level 1. HP: 16/16 MP: 3/3
     0 | D:1      | Upgraded the game from 0.30-a0-424-g7412bad402 to
                  | 0.30-a0-458-g86641cc369
   169 | D:1      | Reached skill level 3 in Maces & Flails
   169 | D:1      | Gained mutation: You are partially covered in sharp spines.
                  | [demonic ancestry]
   169 | D:1      | Reached XP level 2. HP: 22/22 MP: 5/5
   180 | D:1      | Found Muod's Jewellery Shoppe.
   301 | D:1      | Found a faded altar of an unknown god.
   469 | D:1      | Reached XP level 3. HP: 28/28 MP: 6/6
   603 | D:1      | Reached skill level 1 in Necromancy
   823 | D:1      | Learned a level 2 spell: Momentum Strike
  1624 | D:2      | Identified the +0 helmet "Mouha" {Will+ Str+4 Int-2 Dex+2}
  1624 | D:2      | Noticed Robin
  1683 | D:1      | Reached XP level 4. HP: 21/34 MP: 7/7
  1752 | D:2      | Killed Robin
  2309 | D:2      | Reached skill level 4 in Maces & Flails
  2453 | D:3      | HP: 1/35 [gnoll/+0 whip (8)]
  2453 | D:3      | Slain by a gnoll

Illustrated notes

Levels and vault maps discovered:
D:1:      elethiomel_arrival_quiet, layout_loops_cross, serial_forest,
          infiniplex_forest_end_2, infiniplex_forest_straight_3,
          infiniplex_forest_clump_diagonal, infiniplex_forest_end_1,
          infiniplex_forest_clump_cross, infiniplex_forest_straight_2,
          infiniplex_forest_clump_tiny, serial_shops, shop,
          ebering_ecumenical_altar_box, nicolae_concentric_dashed_squares_mild
D:2:      layout_basic, uniq_robin
D:3:      layout_rooms

Skill      XL: |  1  2  3  4 |
---------------+-------------+-----
Dodging        | 2 |  2.0
Maces & Flails | 3 4 |  4.0
Necromancy     | 1 |  1.8
Fighting       | 3 |  3.2
Spellcasting   | |  2.0
Conjurations   | |  3.0

Action                   |  1- 3 |  4- 6 || total
-------------------------+-------+-------++-------
Melee: Mace              |   235 |    46 ||   281
       Punch             |     1 |       ||     1
       Flail             |       |    12 ||    12
Throw: Stone             |     6 |     9 ||    15
  Use: Scroll            |       |     6 ||     6
       Potion            |       |     1 ||     1
Armor: Leather armour    |    25 |    13 ||    38
Dodge: Dodged            |    55 |    34 ||    89

Table legend: (Time is in decaauts)
 A = Elapsed time spent in this place.
 B = Non-inter-level travel time spent in this place.
 C = Inter-level travel time spent in this place.
 D = Time resting spent in this place.
 E = Time spent auto-exploring this place.
 F = Levels seen in this place.
 G = Mean time per level.
                   A        B        C        D        E       F      G
               +--------+--------+--------+--------+--------+-----+--------+
         Total |   2525 |   2226 |    299 |    354 |   1099 |   3 |  841.7 |
       Dungeon |   2525 |   2226 |    299 |    354 |   1099 |   3 |  841.7 |
               +--------+--------+--------+--------+--------+-----+--------+

Top non-repeatable levels by time:
     D:1: 1738 daAuts
     D:2: 770 daAuts
     D:3: 16 daAuts
